AoeStats
← achakroun16

Hideout

507378059Analyzed
1v1 RM · 1mo ago on Sep 17, 2026· 28m 29s· 2 players
Game mode
Random Map
Map size
Tiny (2 player)
Population
200
Speed
Normal
Resources
Standard
Victory
Conquest
Starting age
Dark Age
Ending age
Imperial Age
RankedLock teamsTeams togetherTeam positionsShared explorationLock speedFull tech treeHidden civsTurbo modeCheats
Victory
Defeat
🇺🇸 Magyars · United States
807
+14
vs
🇹🇳 Japanese · Tunisia
763
-14
achakroun16
11:39 Feudal Age
10:48 Loom
12:13 Double-Bit Axe
12:10 Horse Collar
12:42 Man-at-Arms
23:54 Fletching
25:08 Padded Archer Armor
28:56 Castle Age
slater8808
10:38 Feudal Age
9:02 Loom
11:05 Man-at-Arms
11:56 Arson
21:02 Bloodlines
23:36 Castle Age
22:53 Double-Bit Axe
24:44 Crossbowman
25:33 Husbandry
26:56 Fletching
27:11 Elite Skirmisher
Connection lost

Rejoining the realm…

Still unreachable

The connection could not be restored.

Session expired

The server has moved on; the page needs a fresh start.